 Dungeon Crawl Stone Soup version 0.30.1-11-g7821555f0a (webtiles) character file.

Game seed: 3706773827329837509

64 lonewolfV2 the Shield-Bearer (level 4, -2/37 HPs)
             Began as a Formicid Fighter on Dec 7, 2023.
             Slain by Sigmund
             ... wielding a +4 scythe of protection
              (10 damage)
             ... on level 2 of the Dungeon.
             The game lasted 00:03:39 (1137 turns).

lonewolfV2 the Shield-Bearer (Formicid Fighter)     Turns: 1137, Time: 00:03:39

Health: -2/37      AC:  8    Str: 20    XL:     4   Next: 32%
Magic:  13/13      EV:  9    Int:  8    God:
Gold:   144        SH:  0    Dex: 15    Spells: 3/3 levels left

rFire   + . .        a - +0 war axe
rCold   . . .        c - +0 buckler
rNeg    . . .        b - +0 scale mail
rPois   .            (helmet unavailable)
rElec   .            (no cloak)
rCorr   .            (no gloves)
SInv    +            l - +0 pair of boots
Will    .....        (no amulet) Stlth
                     h - ring of protection from fire
HPRegen 0.26/turn    o - ring of magical power
MPRegen 0.13/turn

%: no passive effects
@: confused
A: permanent stasis, dig shafts and tunnels, antennae 3, four strong arms
a: Dig, Shaft Self


You were on level 2 of the Dungeon.
You visited 1 branch of the dungeon, and saw 2 of its levels.

You collected 144 gold pieces.

Inventory:

Hand Weapons
 a - a +0 war axe (weapon)
Missiles
 q - a throwing net
Armour
 b - a +0 scale mail (worn)
 c - a +0 buckler (worn)
 l - a +0 pair of boots (worn)
Jewellery
 h - a ring of protection from fire (left hand)
 o - a ring of magical power (right hand)
Scrolls
 e - 2 scrolls of immolation {unknown}
 g - a scroll of noise {unknown}
 j - 2 scrolls of fog {unknown}
 k - a scroll of vulnerability {unknown}
 m - a scroll of enchant armour {unknown}
 n - a scroll of acquirement {unknown}
 r - a scroll of brand weapon {unknown}
Potions
 d - a potion of might
 f - a potion of haste {unknown}
 i - a potion of mutation {unknown}
 p - 2 potions of heal wounds
 s - a potion of curing {unknown}
 t - a potion of brilliance {unknown}
 u - a potion of magic {unknown}


   Skills:
 + Level 4.0 Fighting
 * Level 3.7 Axes
 - Level 3.2 Armour
 - Level 4.0 Shields


You had 3 spell levels left.
You didn't know any spells.
Your spell library was empty.

Dungeon Overview and Level Annotations

Branches:
Dungeon (2/15)

Altars:

Shops:
D:1 (*(:

Annotations:
D:2 Sigmund


Innate Abilities, Weirdness & Mutations

You cannot be hasted, slowed, berserked, paralysed or teleported.
You can dig through walls and to a lower floor.
You have a pair of large antennae on your head. (SInv)
Your four strong arms can wield two-handed weapons with a shield.


Message History

You hit the kobold. Sigmund hits you but does no damage.
The kobold hits you with a +0 dagger.
You hit Sigmund.
Sigmund is moderately wounded.
You hit the kobold.
You kill the kobold!
Sigmund gestures wildly while chanting.
Sigmund flickers and vanishes for a moment.
You closely miss Sigmund.
Sigmund is moderately wounded.
You block Sigmund's attack.
You barely miss Sigmund.
Sigmund is moderately wounded.
Sigmund hits you with a +4 scythe of protection!
You slash Sigmund!
Sigmund is severely wounded.
Sigmund hits you with a +4 scythe of protection.
You hit Sigmund.
Sigmund is almost dead.
Sigmund drinks a potion.
Sigmund is healed!
You hit Sigmund but do no damage.
Sigmund is lightly wounded.
Sigmund barely misses you.
You slash Sigmund!
Sigmund is heavily wounded.
Sigmund barely misses you.
You slash Sigmund!
Sigmund is almost dead.
Sigmund gestures at you while chanting.
You are confused.
Sigmund hits you from afar with a +4 scythe of protection!
Things that are here:
a +0 dagger; a kobold corpse You closely miss Sigmund.
Sigmund is almost dead.
Sigmund hits you with a +4 scythe of protection!
* * * LOW HITPOINT WARNING * * *
You're too confused to move!
Sigmund hits you with a +4 scythe of protection!
You die...

#..#####.... #.####.##÷##
#.##...†#.## ##.#)...###.
##.....##.. # ##### ##††#####.
### #...###########...#. ..#
#.#..)#.<..#.##.###. ..#
#.#@..####.#.##.# #.
..############.@.....##.÷÷##.###.
...........................>.....
#)..####.......#.###.#####.######
#.#.# #.#####.#.# # # #.##....
#.#.####)# #...# #.##.##.
#.#.†....# ##### #.##.##.
..##.#...# #....##.
.....###.##### #######.


You could see Sigmund (invisible).

Vanquished Creatures
  An adder (D:2)
  A worm (D:2)
  4 bats
  5 endoplasms
  4 giant cockroaches
  6 goblins
  5 hobgoblins
  2 ball pythons (D:1)
  9 frilled lizards
  4 kobolds
  9 rats
50 creatures vanquished.

Notes
Turn   | Place    | Note
-------+----------+-------------------------------------------
     0 | D:1      | lonewolfV2 the Formicid Fighter began the quest for the
                  | Orb.
     0 | D:1      | Reached XP level 1. HP: 18/18 MP: 1/1
    54 | D:1      | Found Ripedghola's Book Emporium.
   106 | D:1      | Reached XP level 2. HP: 24/24 MP: 2/2
   200 | D:1      | Found Qugitt's Assorted Antiques.
   297 | D:1      | Reached XP level 3. HP: 29/29 MP: 3/3
   299 | D:1      | Found a faded altar of an unknown god.
   321 | D:1      | Found Ysymieb's Antique Weapon Shop.
   520 | D:1      | Found Qokiluid's Antique Weapon Emporium.
   982 | D:2      | Reached XP level 4. HP: 37/37 MP: 4/4
  1119 | D:2      | Noticed Sigmund
  1137 | D:2      | Slain by Sigmund

Illustrated notes

Levels and vault maps discovered:
D:1:      mrwooster_arrival_statue_3, layout_rooms,
          ebering_ecumenical_altar_hall, serial_shops, shop,
          nicolae_shop_scrapyard, shop, shop, minmay_vboxes
D:2:      layout_basic, wander_ebering_terrifying_dragon_lair, uniq_sigmund

Skill      XL: |  1  2  3  4 |
---------------+-------------+-----
Axes           | 3 |  3.7
Fighting       | 4 |  4.0
Armour         | |  3.2
Shields        | |  4.0

Action                     |  1- 3 |  4- 6 || total
---------------------------+-------+-------++-------
  Melee: War axe           |   106 |    30 ||   136
Ability: Dig               |     1 |       ||     1
 Armour: Scale mail        |    52 |    10 ||    62
  Dodge: Dodged            |    59 |    11 ||    70
  Block: Buckler           |    37 |     8 ||    45
